 Dungeon Crawl Stone Soup version 0.22.1-1-ga44c0e5 (webtiles) character file.

189 MTVSty1e the Poker (level 5, 0/48 HPs)
             Began as a Minotaur Fighter on Oct 24, 2018.
             Slain by a goblin
             ... wielding a +0 trident
             ... led by Robin
              (9 damage)
             ... on level 4 of the Dungeon.
             The game lasted 00:03:06 (2802 turns).

MTVSty1e the Poker (Minotaur Fighter)               Turns: 2802, Time: 00:03:06

Health: 0/48       AC:  8    Str: 22    XL:     5   Next: 40%
Magic:  4/4        EV: 10    Int:  5    God:
Gold:   123        SH:  9    Dex:  9    Spells: 4/4 levels left

rFire    . . .     SeeInvis .   a - +0 trident
rCold    . . .     Gourm    .   c - +0 shield
rNeg     . . .     Faith    .   b - +0 scale mail
rPois    .         Spirit   .   r - +2 hat
rElec    .         Reflect  .   (no cloak)
rCorr    .         Harm     .   (no gloves)
MR       .....                  (no boots)
Stlth    ..........             (no amulet)
HPRegen  0.16/turn              i - +3 ring of evasion
MPRegen  0.09/turn              (no ring)

@: no status effects
A: retaliatory headbutt, horns 2
a: no special abilities


You were on level 4 of the Dungeon.
You were not hungry.

You visited 1 branch of the dungeon, and saw 4 of its levels.

You collected 123 gold pieces.

Inventory:

Hand Weapons
 a - a +0 trident (weapon)
 n - a +0 club
 t - a +1 scythe of protection
Armour
 b - a +0 scale mail (worn)
 c - a +0 shield (worn)
 r - a +2 hat (worn)
Jewellery
 i - a +3 ring of evasion (left hand)
Scrolls
 e - 2 scrolls of remove curse {unknown}
 l - 2 scrolls of amnesia {unknown}
 o - a scroll of fog {unknown}
 p - a scroll of immolation {unknown}
 q - a scroll of fear {unknown}
 s - a scroll of teleportation {unknown}
Potions
 d - 2 potions of might
 g - a potion of brilliance {unknown}
 h - a potion of heal wounds {unknown}
 j - 2 potions of curing {unknown}
 k - a potion of invisibility {unknown}
 m - a potion of berserk rage {unknown}
Comestibles
 f - 6 rations


   Skills:
 + Level 5.1 Fighting
 * Level 5.8 Polearms
 - Level 3.6 Armour
 - Level 3.6 Shields


You had 4 spell levels left.
You didn't know any spells.
Your spell library was empty.

Dungeon Overview and Level Annotations

Branches:
Dungeon (4/15)
 Temple: D:4-7

Altars:
Makhleb

Annotations:
D:4 Robin


Innate Abilities, Weirdness & Mutations

You reflexively headbutt those who attack you in melee.
You have a pair of horns on your head.


Message History

You block the goblin's attack.
The goblin no longer looks unusually strong.
Robin roars a battlecry!
The goblins go into a battle-frenzy!
You block the goblin's attack.
You closely miss the goblin. You block the goblin's attack.
The goblin hits you from afar with a trident.
* * * LOW HITPOINT WARNING * * *
You hit the goblin.
The goblin is severely wounded.
You block the goblin's attack. x2; The goblin hits you but does no damage.
You puncture the goblin!
You kill the goblin!
The hobgoblin no longer looks unusually strong.
The goblin hits you from afar with a trident.
* * * LOW HITPOINT WARNING * * *
You puncture the goblin!
You kill the goblin!
The goblin hits you from afar with a trident!
You die...

#.. # .. .# ..###. ....
#..# ###### .# #g)#
###....# .. #..# #...(..#
.. #.g########).....# #
#ggg@....[)......####
#.#########)......... #.#
#.....##### ..# #######
#### ###############
############.....†........
..>..........#############


You could see Robin, 2 hobgoblins and a goblin.

Vanquished Creatures
  A worker ant (D:4)
  5 adders
  2 oozes (D:3)
  2 worms (D:2)
  2 leopard geckos
  12 orcs
  A ball python (D:3)
  A bat zombie (D:1)
  3 giant cockroaches
  9 hobgoblins
  4 jackals (D:3)
  A ball python skeleton (D:4)
  A ball python zombie (D:1)
  15 bats
  5 frilled lizards
  14 goblins
  7 kobolds
  5 rats
90 creatures vanquished.

Notes
Turn   | Place    | Note
-------+----------+-------------------------------------------
     0 | D:1      | MTVSty1e the Minotaur Fighter began the quest for the Orb.
     0 | D:1      | Reached XP level 1. HP: 19/19 MP: 0/0
   159 | D:1      | Reached XP level 2. HP: 26/27 MP: 1/1
   754 | D:2      | Reached XP level 3. HP: 24/33 MP: 2/2
   963 | D:2      | Found a burning altar of Makhleb.
  1523 | D:3      | Reached XP level 4. HP: 41/41 MP: 3/3
  1585 | D:3      | Reached skill level 5 in Polearms
  2649 | D:4      | Reached XP level 5. HP: 47/47 MP: 4/4
  2658 | D:4      | Reached skill level 5 in Fighting
  2782 | D:4      | Noticed Robin
  2802 | D:4      | Slain by a goblin

Skill      XL: |  1  2  3  4  5 |
---------------+----------------+-----
Polearms       | 3 4 5 |  5.8
Fighting       | 4 5 |  5.1
Armour         | |  3.6
Shields        | |  3.6

Action                   |  1- 3 |  4- 6 || total
-------------------------+-------+-------++-------
Melee: Trident           |   114 |   109 ||   223
       Headbutt          |    17 |    15 ||    32
  Eat: Ration            |     1 |     1 ||     2
Armor: Scale mail        |    24 |    32 ||    56
Dodge: Dodged            |    37 |    46 ||    83
Block: Shield            |    38 |    57 ||    95
